[Event "Early-Titled-Tuesday-Blitz-December-26-2023"]
[Site "Chess.com"]
[Date "2023.12.26"]
[Round "7"]
[White "JimDiGrease"]
[Black "Pendos666"]
[Result "0-1"]
[WhiteElo "2970"]
[BlackElo "2860"]
[TimeControl "180+1"]
[EndTime "9:19:13 PST"]
[Termination "Pendos666 won by resignation"]

1. d4 Nf6 2. c4 c5 3. d5 b5 4. Nf3 Bb7 5. a4 bxc4 6. Nc3 e6 7. e4 exd5 8. exd5 d6 9. Bxc4 Be7 10. O-O O-O 11.
Re1 Nbd7 12. a5 Rb8 13. h3 Re8 14. Bf4 Bf8 15. Rxe8 Nxe8 16. Qd3 Ba8 17. b3 Ndf6 18. g4 Nc7 19. Kg2 Be7 20. Re1 Nd7 21. g5 Nf8 22.
h4 f6 23. Qe4 fxg5 24. hxg5 Ng6 25. Bd2 Qd7 26. Rh1 Re8 27. Qd3 Qg4+ 28. Kf1 Bf8 29. Ne2 Qe4 30. Qxe4 Rxe4 31. Nc3 Re8 32. Kg2 Bb7 33. Be3 Ne7 34. Rd1 Bc8 35. Bf4 Nf5 36. Bd3 Bd7 37. Ne4 Nb5 38. Bh2 Rb8 39. Re1 Kf7 40.
g6+ hxg6 41. Nfg5+ Kg8 42. Ne6 Be7 43. Bc4 Kf7 44.
N4g5+ Kg8 45. Ne4 Nbd4 46. Nxd4 cxd4 47. Re2 Bb5 48. Rc2 Rc8 49. Rc1 d3 50. Rd1 Bxc4 51.
bxc4 Rxc4 52. Kf3 Rd4 53. Bf4 Rxd5 54. Be3 Nxe3 55. Kxe3 g5 56. Nc3 Rxa5 57. Rxd3 Kf7 58. Nd5 Ke6 59. Nc7+ Kd7 60. Nd5 Bd8 61. Ke4 g4 62.
Kf5 Kc6 63. Ke6 Bf6 64. Nxf6 gxf6 65. Rxd6+ Kb7 66. Rd7+ Kb6 67. Rd6+ Kc5 68. Rd5+ Kb4 69. Rd4+ Kc3 70. Rxg4 Ra6+ 71. Kf5 Rb6 72. Ra4 a6 73. Re4 Kb3 74. Re6 Rxe6 75. Kxe6 a5 76. Kxf6 a4 77. f4 a3 78. f5 a2 79. Ke7 a1=Q 80. f6 Qe5+ 81.
Kf7 Kc4 82. Kg6 Qe6 83. Kg7 Qg4+ 84. Kh6 Qf5 85. Kg7 Qg5+ 86. Kf7 Kd5 87. Ke7 Ke5 88. Kf7 Qxf6+ 0-1

[Event "Early-Titled-Tuesday-Blitz-December-26-2023"]
[Site "Chess.com"]
[Date "2023.12.26"]
[Round "7"]
[White "deribas12345"]
[Black "SaqoChess_Twitch"]
[Result "1/2-1/2"]
[WhiteElo "2545"]
[BlackElo "2646"]
[TimeControl "180+1"]
[EndTime "9:19:30 PST"]
[Termination "Game drawn - insufficient material"]

1. d4 d5 2. c4 e6 3. Nc3 Nf6 4.
cxd5 Nxd5 5. Nf3 c5 6. e3 Nc6 7. Be2 cxd4 8. Nxd4 Bb4 9. Nxc6 bxc6 10. Bd2 Nxc3 11. Bxc3 Bxc3+ 12. bxc3 Qa5 13. O-O O-O 14.
Bf3 Ba6 15. Re1 Rac8 16. Qd4 Rfd8 17. Qh4 Qxc3 18. Rac1 Qa5 19. h3 g6 20. Qf6 Bc4 21.
Red1 Rxd1+ 22. Rxd1 Bd5 23. e4 Bxa2 24. Rd7 Rf8 25.
Qa1 Qa4 26. e5 Bb3 27. Qxa4 Bxa4 28. Rxa7 Bb5 29. Rc7 Rd8 30. Bxc6 Rd1+ 31. Kh2 Bxc6 32. Rxc6 Rd5 33. f4 h5 34. Kg3 Kg7 35. h4 Kf8 36. Kf2 Ra5 37. g3 Ra3 38. Rc7 Ke8 39. Rb7 Rc3 40. Ra7 Rb3 41. Rc7 Rd3 42. Rb7 Kf8 43. Rc7 Rd4 44. Rb7 Kg7 45. Rc7 Ra4 46. Rb7 Ra2+ 47.
Kf3 Ra1 48. Rc7 Rf1+ 49. Kg2 Rd1 50. Kf3 Rd8 51. Rc3 Rd7 52. Ke4 Kf8 53. Rd3 Ra7 54.
Rb3 Ke7 55. Kf3 Kd7 56. Rd3+ Kc6 57. Rd6+ Kc5 58. Rd8 Kc4 59. Ke4 Rc7 60. Rf8 Kc3 61. Rd8 Kc2 62. Rd6 Rc4+ 63. Ke3 Rc3+ 64. Kf2 Rc7 65. Rd8 Kc3 66. g4 hxg4 67. Kg3 Kc4 68. Kxg4 Kc5 69. Kg5 Kc6 70. Kf6 Ra7 71. Rf8 Ra4 72.
Rxf7 Rxf4+ 73. Kxe6 Rxh4 74. Ke7 Kd5 75. e6 Ra4 76. Rf1 Ke5 77. Kf7 g5 78. e7 Ra7 79.
Kf8 Ra8+ 80. e8=Q+ Rxe8+ 81. Kxe8 g4 82. Kf7 g3 83.
Kg6 Ke4 84. Kg5 g2 85. Ra1 Kf3 86. Kh4 Kf2 87. Ra2+ Kf1 88. Ra1+ Kf2 89. Ra2+ Kf1 90. Kh3 g1=Q 91. Ra1+ Kf2 92. Rxg1 Kxg1 1/2-1/2

[Event "Early-Titled-Tuesday-Blitz-December-26-2023"]
[Site "Chess.com"]
[Date "2023.12.26"]
[Round "7"]
[White "JohnWhite1952"]
[Black "LUISMIGUELOV"]
[Result "0-1"]
[WhiteElo "1990"]
[BlackElo "2194"]
[TimeControl "180+1"]
[EndTime "9:19:45 PST"]
[Termination "LUISMIGUELOV won on time"]

1. e4 c6 2. d4 d5 3. Nc3 dxe4 4.
Nxe4 Bf5 5. Ng3 Bg6 6. Nf3 Nd7 7. Bd3 e6 8. O-O Ngf6 9. Re1 Be7 10. Qe2 O-O 11.
Bd2 Qc7 12. c4 Rad8 13. Bc3 Bxd3 14. Qxd3 Rfe8 15. Rad1 a5 16. b3 a4 17. Qe2 axb3 18.
axb3 Ra8 19. Ra1 h6 20. Ne5 Nxe5 21. dxe5 Rxa1 22. Rxa1 Nd7 23. Bd4 Bc5 24. Bxc5 Nxc5 25. Qe3 Nd7 26. f4 Qb6 27. Qxb6 Nxb6 28. Ra7 Re7 29. Ne4 Rd7 30. Nd6 f6 31. Rxb7 fxe5 32. fxe5 Rxb7 33. Nxb7 Kf7 34. Nd6+ Ke7 35. Kf2 Nd7 36.
Nc8+ Kd8 37. Na7 Kc7 38. b4 Kb7 39. Nxc6 Kxc6 40. Ke3 Nxe5 41. Kd4 Ng4 42. h3 Nf6 43. b5+ Kd6 44. c5+ Kd7 45. Ke5 Ne8 46. c6+ Kc7 47. Kxe6 Nd6 48. b6+ Kxc6 49. g4 g5 50.
Kf6 Ne4+ 51. Kg6 Nf2 52. Kxh6 Nxh3 53. Kg6 Kxb6 54. Kf5 Kc5 55. Ke5 Kc4 56. Ke4 Kc5 57. Ke5 Kc6 58. Ke6 Kb5 59. Kd5 Kb4 60. Kd4 Kb3 61. Kd3 Nf2+ 62. Ke3 Nxg4+ 63. Kf3 Nf6 64. Kg3 Kc4 65. Kf3 Kd4 66. Kg3 Ke4 67. Kf2 Kf4 68.
Kg2 g4 69. Kf2 g3+ 70. Kg2 Kg4 71. Kg1 Kh3 72. Kh1 Ne4 73. Kg1 Nd2 74. Kh1 Nc4 75.
Kg1 Ne5 76. Kh1 g2+ 77. Kg1 Nf3+ 78. Kf2 g1=Q+ 79. Kxf3 Qg4+ 80. Ke3 Qf5 81. Ke2 Qf4 82. Kd3 Qe5 83. Kc4 Qd6 0-1

[Event "Early-Titled-Tuesday-Blitz-December-26-2023"]
[Site "Chess.com"]
[Date "2023.12.26"]
[Round "7"]
[White "CFalcons8"]
[Black "Journey_to_GrandMaster_YT"]
[Result "0-1"]
[WhiteElo "2233"]
[BlackElo "2533"]
[TimeControl "180+1"]
[EndTime "9:19:59 PST"]
[Termination "Journey_to_GrandMaster_YT won on time"]

1. e4 d6 2. d4 Nf6 3. Nc3 e5 4. Nge2 Be7 5. f3 O-O 6. Be3 c6 7. Qd2 b5 8. g4 b4 9. Nd1 exd4 10.
Nxd4 c5 11. Ne2 Nc6 12. Ng3 Ne5 13. Be2 Be6 14. g5 Nfd7 15. f4 Nc4 16. Bxc4 Bxc4 17.
Nf5 Re8 18. Nf2 Nb6 19. Rg1 Bf8 20. O-O-O d5 21. Ng4 d4 22. Ngh6+ gxh6 23. gxh6+ Kh8 24. Qg2 Bxh6 25. Nxh6 Rg8 26. Nxg8 Qxg8 27. Qh3 Qe8 28. Rxd4 Be6 29. Rd6 Bxh3 30. Bxc5 Qxe4 31. Bd4+ Qxd4 32. Rxd4 Be6 33. Rxb4 Nd5 34. Rd4 Ne7 35. Kd2 Rb8 36.
b3 Nf5 37. Rd3 h6 38. c4 Kh7 39. Kc3 a5 40. a3 Rc8 41. Rgd1 a4 42. Kb4 axb3 43. c5 Rb8+ 44. Kc3 b2 45. Rb1 Ne7 46. Rd2 Nd5+ 47. Kd4 Nxf4 48. Rdxb2 Rd8+ 49. Ke5 Nd3+ 50. Kf6 Nxb2 51. Rxb2 Rd5 52. Rc2 Rd7 53. c6 Rc7 54.
Ke5 Kg6 55. Kd6 Rc8 56. c7 Kf6 57. Rf2+ Kg7 58. a4 Kf8 59. a5 Ra8 60. Rb2 Ra6+ 61. Rb6 Rxa5 62. Rb8+ Kg7 63. c8=Q Bxc8 64. Rxc8 Ra2 65. h4 Ra4 66. Ke5 Rxh4 67. Kf5 Rh1 68. Rc2 Rg1 69. Rf2 Rg6 70. Rh2 Rg5+ 71. Kf4 Kg6 72. Rb2 f6 73. Rb8 h5 74. Rg8+ Kh6 75. Rh8+ Kg7 76. Rb8 Rg4+ 77. Kf5 Rg5+ 78. Kf4 h4 79.
Rb7+ Kg6 80. Rb8 Rh5 81. Rg8+ Kf7 82. Rg1 h3 83. Rh1 Ke6 84. Kg4 Rg5+ 85. Kh4 Kf5 86. Rf1+ Ke5 87. Kxh3 Rg8 88. Re1+ Kf5 89. Rf1+ Ke5 90.
Re1+ Kd6 91. Rd1+ Ke6 92. Re1+ Kf7 93. Kh4 f5 94. Kh3 Kf6 95. Rb1 f4 96. Rb5 Rg5 0-1

[Event "Early-Titled-Tuesday-Blitz-December-26-2023"]
[Site "Chess.com"]
[Date "2023.12.26"]
[Round "7"]
[White "Alexander_Donchenko"]
[Black "FelixBlohberger"]
[Result "1-0"]
[WhiteElo "2922"]
[BlackElo "2776"]
[TimeControl "180+1"]
[EndTime "9:21:25 PST"]
[Termination "Alexander_Donchenko won by resignation"]

1. Nf3 Nf6 2. g3 g6 3. Bg2 Bg7 4.
O-O O-O 5. d4 d5 6. c4 c6 7. Qa4 Nbd7 8. cxd5 Nb6 9. Qb3 Qxd5 10. Qd1 Qh5 11. Nc3 Bh3 12. Bg5 Rfd8 13. Qb3 h6 14.
Bxf6 Bxf6 15. Rfd1 Bxg2 16. Kxg2 c5 17. dxc5 Qxc5 18. Ne4 Qf5 19. Nxf6+ Qxf6 20. a4 Rxd1 21. Rxd1 a5 22. Qb5 Qc6 23. Qxc6 bxc6 24. b3 c5 25. Rc1 c4 26. bxc4 Nxa4 27. c5 Rc8 28.
c6 Nb6 29. Nd4 Kf8 30. Rb1 e5 31. Rxb6 exd4 32. Ra6 Ke7 33. Kf3 Kd6 34. Ke4 Rxc6 35. Rxa5 Rc2 36. Kd3 Rc1 37. Kxd4 h5 38. Ke4 Rc4+ 39.
Kf3 Ke6 40. e4 Rc2 41. Ke3 Rb2 42. Rd5 Rc2 43. Rd2 Rc1 44. Kf4 Kf6 45. Ra2 Rc6 46.
f3 Kg7 47. e5 Rc4+ 48. Ke3 Rb4 49. Rd2 Rb3+ 50. Rd3 Rb4 51. h4 Kf8 52. Rd4 Rb3+ 53.
Kf4 Rc3 54. Ra4 Rb3 55. Ra6 Kg7 56. Ra7 Kf8 57. Rc7 Ra3 58. Rd7 Rb3 59. Rd2 Ra3 60. Rf2 Kg7 61. Kg5 Ra5 62. Re2 f6+ 63. Kf4 fxe5+ 64.
Rxe5 Ra3 65. Re6 Kh6 66. Rd6 Rb3 67. Re6 Ra3 68. Re3 Ra4+ 69. Ke5 Ra5+ 70. Kf6 Rb5 71. f4 Rf5+ 72. Ke7 Kg7 73. Re5 Rf6 74. Re6 Rf5 75. Re5 Rf6 76. Kd7 Ra6 77. Re7+ Kf6 78. Re5 Ra7+ 79. Kd6 Ra3 80. Rg5 Ra6+ 81. Kd7 Ra7+ 82.
Kc6 Ra6+ 83. Kd5 Ra5+ 84. Ke4 Ra4+ 85. Kf3 Ra3+ 86. Kg2 Ra2+ 87. Kh3 Rf2 88. Rd5 Kg7 89. Rd1 Kf6 90. Rg1 Kf7 91. Rg2 Rf1 92. Rd2 Kf6 93. Kg2 Ra1 94. Rd3 Ra4 95. Kf3 Rb4 96. Rd6+ Kf7 97.
Ke3 Rb3+ 98. Rd3 Rb4 99. Kf3 Ra4 100. Rd7+ Kf6 101. Rd6+ Kf7 102. f5 gxf5 103. Rh6 Kg7 104. Rxh5 Kg6 105. Rg5+ Kf6 106. Rg8 Ra3+ 107. Kg2 Ra2+ 108. Kh3 Ra1 109. Rb8 Rh1+ 110. Kg2 Ra1 111. Rb6+ Ke5 112. h5 Ra2+ 113. Kh3 Ra1 114. Kh4 f4 115. Rb5+ Kf6 116. gxf4 Rh1+ 117. Kg4 Rg1+ 118. Kf3 Rf1+ 119. Kg3 Rg1+ 120. Kf2 Rh1 121. Kg2 Rc1 122. Re5 Ra1 123. Rg5 Rb1 124. h6 Rb7 125. Kg3 Rh7 126. Rh5 Kg6 127. Kg4 Kf6 128. Rh2 Kg6 129. Rh1 Kf6 130. Kf3 Kf5 131. Rh4 Kg6 132. Ke4 Kf6 133. f5 Re7+ 134. Kf4 Rh7 135. Rh5 Rh8 136. h7 Kf7 137. Kg5 Kg7 138. f6+ Kf7 139. Kf5 Kf8 140. Kg6 Ke8 141. Kg7 1-0

[Event "Early-Titled-Tuesday-Blitz-December-26-2023"]
[Site "Chess.com"]
[Date "2023.12.26"]
[Round "8"]
[White "Msb2"]
[Black "Evgeny81"]
[Result "1-0"]
[WhiteElo "3007"]
[BlackElo "2774"]
[TimeControl "180+1"]
[EndTime "9:24:20 PST"]
[Termination "Msb2 won by resignation"]

1. d4 Nf6 2. c4 e6 3. Nc3 Bb4 4. e3 c5 5. Ne2 d5 6. a3 Ba5 7. dxc5 dxc4 8. Bd2 Nbd7 9. Ng3 Nxc5 10. Bxc4 Nd3+ 11. Bxd3 Qxd3 12. Qa4+ Bd7 13. Qxa5 Bc6 14.
f3 Rd8 15. O-O-O O-O 16. e4 b6 17. Qg5 Rc8 18. Bf4 Qc4 19. Be5 Ne8 20. Bxg7 1-0

[Event "Early-Titled-Tuesday-Blitz-December-26-2023"]
[Site "Chess.com"]
[Date "2023.12.26"]
[Round "8"]
[White "The_Straightforward_Rook"]
[Black "LuisFSiles"]
[Result "0-1"]
[WhiteElo "2484"]
[BlackElo "2284"]
[TimeControl "180+1"]
[EndTime "9:25:13 PST"]
[Termination "LuisFSiles won by resignation"]

1. e4 c5 2. c3 d5 3. exd5 Nf6 4. Bb5+ Nbd7 5. Nf3 Nxd5 6. O-O e6 7. d4 cxd4 8.
cxd4 Be7 9. Nc3 Nxc3 10. bxc3 O-O 11. Re1 b6 12. Bf4 Bb7 13. a4 Rc8 14. Re3 Nf6 15. Bg5 Nd5 16. Bxe7 Qxe7 17. a5 Nxe3 18. fxe3 Rxc3 19. axb6 axb6 20. Ne5 Qg5 0-1

[Event "Early-Titled-Tuesday-Blitz-December-26-2023"]
[Site "Chess.com"]
[Date "2023.12.26"]
[Round "8"]
[White "GMT4114"]
[Black "GM-2023"]
[Result "1-0"]
[WhiteElo "2019"]
[BlackElo "1878"]
[TimeControl "180+1"]
[EndTime "9:25:20 PST"]
[Termination "GMT4114 won by resignation"]

1. e4 e5 2. Bc4 Nf6 3. d3 Nc6 4. Nc3 Bc5 5. f4 exf4 6. Bxf4 d6 7. Nf3 Bg4 8. h3 Bxf3 9. Qxf3 h5 10. Na4 Bb6 11.
Nxb6 axb6 12. c3 Ne5 13. Bxe5 dxe5 14. O-O O-O 15. Qf5 g6 16. Qxf6 Qxf6 17. Rxf6 c6 18. Rxg6+ Kh7 19. Rf6 b5 20. Bb3 Kg7 21. Raf1 Rae8 22.
Rxf7+ Rxf7 23. Rxf7+ Kg8 24. Rxb7+ Kf8 25. Kf2 Re7 26.
Rxe7 Kxe7 27. g4 hxg4 28. hxg4 Kf6 29. Kf3 c5 30. Bd5 b4 31. cxb4 cxb4 32. a3 bxa3 33. bxa3 Ke7 34. a4 Kd7 35. g5 Kc7 36. g6 Kb6 37. g7 Ka5 38. g8=Q Kxa4 1-0

[Event "Early-Titled-Tuesday-Blitz-December-26-2023"]
[Site "Chess.com"]
[Date "2023.12.26"]
[Round "8"]
[White "ChessSwole"]
[Black "missponyo10"]
[Result "1-0"]
[WhiteElo "2705"]
[BlackElo "2247"]
[TimeControl "180+1"]
[EndTime "9:25:26 PST"]
[Termination "ChessSwole won by resignation"]

1. d4 d5 2. Nc3 Nf6 3. Bf4 Bf5 4. e3 e6 5. Bd3 Bxd3 6. cxd3 c5 7. Nf3 Be7 8. dxc5 Bxc5 9. O-O O-O 10. d4 Bd6 11.
Ne5 Nc6 12. Nxc6 bxc6 13. Bxd6 Qxd6 14. Na4 Nd7 15. Rc1 Rfc8 16. Nc5 Nxc5 17. Rxc5 Rab8 18. Qc2 Rb6 19. Rc1 Rcb8 20. Rxc6 Qxc6 21. Qxc6 Rxc6 22. Rxc6 g6 23. b3 Rb7 24. g4 Kf8 25. g5 Kg7 26. h4 h6 27. Kg2 hxg5 28. hxg5 Kf8 29. Kf3 Ke7 30. Kf4 Kd7 31. Ra6 Rc7 32. Ke5 Ke7 33. b4 Kd7 34. Kf6 Rb7 35. Kxf7 Rxb4 36. Rxa7+ Kd6 37.
Ra6+ Kd7 38. Rxe6 1-0

[Event "Early-Titled-Tuesday-Blitz-December-26-2023"]
[Site "Chess.com"]
[Date "2023.12.26"]
[Round "8"]
[White "Keaton87"]
[Black "SmirnovTimofey2000"]
[Result "1-0"]
[WhiteElo "2650"]
[BlackElo "2029"]
[TimeControl "180+1"]
[EndTime "9:25:55 PST"]
[Termination "Keaton87 won by resignation"]

1. d4 d5 2. Nf3 Nf6 3. Bg5 e6 4. Nbd2 Be7 5. e3 O-O 6. Bd3 Nbd7 7. Ne5 h6 8. Bh4 Nxe5 9. dxe5 Nd7 10. Bxe7 Qxe7 11.
f4 b6 12. O-O Bb7 13. Qh5 f5 14. exf6 Nxf6 15. Qh4 Rae8 16. Nf3 Nd7 17. Qh5 Qf7 18.
Bg6 Qe7 19. Bxe8 Rxe8 20. Ne5 Nxe5 21. Qxe5 Rf8 22. f5 Re8 23. f6 gxf6 24. Rxf6 Qg7 25.
Raf1 d4 26. e4 Re7 27. R1f3 Kh7 28. Rg3 Qh8 29. Rxh6+ 1-0

[Event "Early-Titled-Tuesday-Blitz-December-26-2023"]
[Site "Chess.com"]
[Date "2023.12.26"]
[Round "8"]
[White "Magila31"]
[Black "DTChess"]
[Result "0-1"]
[WhiteElo "2384"]
[BlackElo "2672"]
[TimeControl "180+1"]
[EndTime "9:26:03 PST"]
[Termination "DTChess won by resignation"]

1. Nf3 Nf6 2. g3 g6 3. Bg2 Bg7 4. O-O O-O 5. c4 b6 6. Nc3 Bb7 7.
d4 e6 8. Qc2 d5 9. cxd5 exd5 10. b3 c6 11. e3 Re8 12. Bb2 Nbd7 13. Ne2 Rc8 14. Nf4 Ne4 15. Rfd1 Ndf6 16. Ne5 Nd6 17. Rac1 Rc7 18. Ba3 Bf8 19. Bb2 h5 20. h3 Bg7 21. a4 Nfe4 22. Kh2 h4 23. g4 Bh6 24. Nxd5 Nxf2 25. Nxc7 Nxd1 26. Nxe8 Nxe3 27. Nxf7 Kxf7 28. Nxd6+ Qxd6+ 0-1

[Event "Early-Titled-Tuesday-Blitz-December-26-2023"]
[Site "Chess.com"]
[Date "2023.12.26"]
[Round "8"]
[White "GoValya"]
[Black "SCIM"]
[Result "0-1"]
[WhiteElo "2303"]
[BlackElo "2518"]
[TimeControl "180+1"]
[EndTime "9:26:15 PST"]
[Termination "SCIM won by checkmate"]

1. d4 Nf6 2. c4 g6 3. Nc3 d5 4.
cxd5 Nxd5 5. e4 Nxc3 6. bxc3 Bg7 7. Nf3 c5 8. Be2 O-O 9. O-O Qc7 10. Be3 b6 11. Rc1 Bb7 12. e5 Nc6 13. Qb3 Na5 14. Qb2 c4 15. Rfd1 Bd5 16. Bg5 f6 17. Bf4 Qc6 18.
Qb4 Rae8 19. Rd2 g5 20. Bg3 h6 21. Bd1 Qb7 22. exf6 exf6 23. Bd6 g4 24. Nh4 Re1# 0-1

[Event "Early-Titled-Tuesday-Blitz-December-26-2023"]
[Site "Chess.com"]
[Date "2023.12.26"]
[Round "8"]
[White "Schachmalanders"]
[Black "marvinguevara"]
[Result "0-1"]
[WhiteElo "2359"]
[BlackElo "2224"]
[TimeControl "180+1"]
[EndTime "9:26:27 PST"]
[Termination "marvinguevara won by resignation"]

1. e4 c5 2. c3 e6 3. d4 d5 4.
exd5 exd5 5. Nf3 Nf6 6. Bb5+ Bd7 7. Bxd7+ Nbxd7 8. O-O Be7 9. dxc5 Nxc5 10. Bf4 O-O 11.
Nbd2 Ne6 12. Bg3 Qb6 13. Nb3 a5 14. Re1 a4 15. Nbd4 Bc5 16. Nxe6 fxe6 17. Qe2 Ne4 18. Rad1 a3 19. b4 Nxc3 20. Qd3 Bxb4 21. Rc1 Nxa2 22.
Ng5 Rf5 23. Rxe6 Rxg5 24. Rxb6 Nxc1 25. Qe3 a2 0-1

[Event "Early-Titled-Tuesday-Blitz-December-26-2023"]
[Site "Chess.com"]
[Date "2023.12.26"]
[Round "8"]
[White "Shahdad2007"]
[Black "Aslanov_Umid"]
[Result "1-0"]
[WhiteElo "2360"]
[BlackElo "2543"]
[TimeControl "180+1"]
[EndTime "9:26:31 PST"]
[Termination "Shahdad2007 won by resignation"]

1. e4 c5 2. Nf3 d6 3. Bb5+ Bd7 4. Bxd7+ Qxd7 5. O-O Nc6 6. c3 Nf6 7. Re1 e6 8. d4 cxd4 9. cxd4 d5 10. e5 Ne4 11. a3 Be7 12. Nbd2 Nxd2 13. Bxd2 O-O 14. Qe2 a5 15. Qd3 f6 16. exf6 Bxf6 17. Bc3 Rfe8 18. Re2 Re7 19. Rae1 Rae8 20. g3 Nd8 21. Bxa5 Nf7 22. Bb4 Nd6 23. Bxd6 Qxd6 24. b4 Ra8 25. Ne5 Bxe5 26. Rxe5 Rf8 27. Qe3 Rf6 28. Rc1 h6 29. f4 Qa6 30. f5 Kh7 31. Re1 Qc4 32. fxe6 Qc2 33. Rc1 Qg6 34. Re1 Qg4 35. Qd3+ Kg8 36. Rxd5 Rexe6 37. Rde5 Rxe5 38. dxe5 Rf3 39. Qd5+ Kh8 40.
e6 Rf5 41. Qd8+ Kh7 42. Qd3 g6 43. e7 Rf3 44. Qxf3 Qxf3 45. e8=Q 1-0

[Event "Early-Titled-Tuesday-Blitz-December-26-2023"]
[Site "Chess.com"]
[Date "2023.12.26"]
[Round "8"]
[White "MANOJ_MISHRA123"]
[Black "Kotlyar_K"]
[Result "0-1"]
[WhiteElo "2284"]
[BlackElo "2477"]
[TimeControl "180+1"]
[EndTime "9:26:31 PST"]
[Termination "Kotlyar_K won by resignation"]

1. d4 Nf6 2. c4 g6 3. Nc3 Bg7 4. e4 d6 5. f3 O-O 6. g4 e5 7.
d5 Nfd7 8. Nge2 a5 9. h4 Nc5 10. h5 f5 11. hxg6 hxg6 12. gxf5 gxf5 13. Bg5 Qxg5 14.
Rg1 Qh4+ 15. Kd2 fxe4 16. fxe4 Nxe4+ 17. Nxe4 Qxe4 18. Bg2 Qf5 19. Qb3 Na6 20. Qg3 Nb4 21. Be4 Qf6 22. Raf1 Qh6+ 23. Kd1 Rxf1+ 24. Rxf1 Bd7 25.
a3 Na6 26. Rh1 Qf6 27. Rf1 Qxf1+ 0-1

[Event "Early-Titled-Tuesday-Blitz-December-26-2023"]
[Site "Chess.com"]
[Date "2023.12.26"]
[Round "8"]
[White "suyu28"]
[Black "Sina_Movahed"]
[Result "0-1"]
[WhiteElo "2788"]
[BlackElo "3008"]
[TimeControl "180+1"]
[EndTime "9:26:37 PST"]
[Termination "Sina_Movahed won by resignation"]

1. d4 Nf6 2. c4 g6 3. g3 Bg7 4. Bg2 O-O 5. Nc3 d6 6. Nf3 Nbd7 7. O-O e5 8. e4 exd4 9. Nxd4 Re8 10. h3 Nc5 11. Re1 h6 12. Rb1 c6 13. Bf4 Nh7 14. h4 Nf6 15. Nc2 Bf8 16. Qd2 Ng4 17. Rbd1 Qf6 18. f3 Ne5 19. Qe2 Be6 20. Na3 a6 21. b4 Ncd7 22. Be3 Nxf3+ 23. Bxf3 Qxc3 24. Bd2 Qxa3 25. h5 Ne5 26. Rf1 Bxc4 0-1

[Event "Early-Titled-Tuesday-Blitz-December-26-2023"]
[Site "Chess.com"]
[Date "2023.12.26"]
[Round "8"]
[White "TheFireChess"]
[Black "Azalea95"]
[Result "1-0"]
[WhiteElo "2514"]
[BlackElo "2326"]
[TimeControl "180+1"]
[EndTime "9:26:47 PST"]
[Termination "TheFireChess won by resignation"]

1. e4 e6 2. Nc3 d5 3. d3 Nf6 4. e5 Nfd7 5. f4 c5 6. Nf3 Nc6 7. g3 Be7 8. Bg2 a6 9. O-O b5 10. Ne2 Qb6 11. Be3 Bb7 12. h3 f6 13. exf6 Nxf6 14.
c3 O-O-O 15. d4 Ne4 16. a4 Rhf8 17. axb5 axb5 18. dxc5 Bxc5 19. Bxc5 Qxc5+ 20. Kh2 h6 21. Ned4 Rde8 22. Nxc6 Bxc6 23. b4 Qd6 24. Qd4 g5 25. Ne5 gxf4 26. gxf4 Nf6 27. Ra6 1-0

[Event "Early-Titled-Tuesday-Blitz-December-26-2023"]
[Site "Chess.com"]
[Date "2023.12.26"]
[Round "8"]
[White "LUISMIGUELOV"]
[Black "stratacticos"]
[Result "1-0"]
[WhiteElo "2196"]
[BlackElo "1847"]
[TimeControl "180+1"]
[EndTime "9:26:47 PST"]
[Termination "LUISMIGUELOV won by resignation"]

1. e4 c5 2. d4 cxd4 3. c3 dxc3 4. Nxc3 d6 5. Bc4 Nf6 6. Nf3 g6 7. Qe2 Bg7 8. e5 dxe5 9. Nxe5 O-O 10. O-O Qa5 11.
Bd2 Qb6 12. Be3 Qc7 13. Bd4 Nc6 14. Nb5 Nxd4 15. Nxd4 Qb6 16. Rfd1 Bg4 17. Nxg4 Nxg4 18. Qxg4 Qxb2 19. Rab1 Qc3 20. Bb3 Bxd4 21. Qxd4 1-0

[Event "Early-Titled-Tuesday-Blitz-December-26-2023"]
[Site "Chess.com"]
[Date "2023.12.26"]
[Round "8"]
[White "PawnEatingZombie"]
[Black "CuattroPrincesses"]
[Result "0-1"]
[WhiteElo "2152"]
[BlackElo "2290"]
[TimeControl "180+1"]
[EndTime "9:26:49 PST"]
[Termination "CuattroPrincesses won by resignation"]

1. e4 c5 2. c3 d5 3. exd5 Qxd5 4. d4 Nf6 5. Nf3 e6 6. Be3 cxd4 7. cxd4 Nc6 8. Nc3 Qd6 9. Bd3 a6 10. O-O Be7 11. a3 O-O 12. Bc2 b5 13. Qd3 Bb7 14. Rad1 Rfd8 15. Rfe1 Rac8 16. Bg5 g6 17. Bb1 Na5 18. Ne5 Nc4 19. Qe2 Nxa3 20. Ba2 Nc4 21. Nxc4 bxc4 22. Bxc4 Qc6 23. d5 Qxc4 24. dxe6 Qxe2 25.
exf7+ Kxf7 26. Rxe2 Rxd1+ 27. Nxd1 Nd5 28. Bxe7 Nxe7 29.
Nc3 Nd5 30. Ne4 Rc1+ 0-1

[Event "Early-Titled-Tuesday-Blitz-December-26-2023"]
[Site "Chess.com"]
[Date "2023.12.26"]
[Round "8"]
[White "Pastore1978"]
[Black "PolinaYanch"]
[Result "1-0"]
[WhiteElo "2194"]
[BlackElo "1672"]
[TimeControl "180+1"]
[EndTime "9:27:14 PST"]
[Termination "Pastore1978 won by resignation"]

1. e4 c5 2. Nc3 d6 3. f4 g6 4. Nf3 Bg7 5. Bc4 e6 6. O-O Ne7 7. d4 cxd4 8. Nb5 a6 9. Nbxd4 b5 10.
Bb3 O-O 11. c3 Bb7 12. f5 Bxe4 13. fxe6 d5 14. Ng5 f5 15. Nf7 Qc8 16. Bg5 Nec6 17.
Nxc6 Qxc6 18. Re1 Qxe6 19. Rxe4 fxe4 20. Bxd5 Qb6+ 21. Kh1 Rxf7 22. Bxf7+ Kxf7 23. Qd5+ Qe6 24. Rf1+ 1-0

[Event "Early-Titled-Tuesday-Blitz-December-26-2023"]
[Site "Chess.com"]
[Date "2023.12.26"]
[Round "8"]
[White "Felix-Rose"]
[Black "IAgrest"]
[Result "0-1"]
[WhiteElo "2251"]
[BlackElo "2421"]
[TimeControl "180+1"]
[EndTime "9:27:16 PST"]
[Termination "IAgrest won by resignation"]

1. d4 Nf6 2. Nc3 g6 3. e4 d6 4. Nf3 Bg7 5. h3 O-O 6. Be3 Nbd7 7. e5 Ne8 8. Qd2 c5 9. exd6 cxd4 10. Bxd4 Nxd6 11.
Bxg7 Kxg7 12. O-O-O Qa5 13. h4 h5 14. Ng5 Nf6 15. Kb1 b5 16. Bd3 Bf5 17. Rhe1 e6 18. Nxb5 Qxd2 19. Rxd2 Nxb5 20. Bxb5 Rab8 21. Bd3 Rfd8 22.
Red1 Nd5 23. Bxf5 Nc3+ 24. Kc1 Nxa2+ 25. Kb1 Nc3+ 26. Kc1 Nxd1 27. Bd3 Nxb2 28. Bxg6 Kxg6 0-1

[Event "Early-Titled-Tuesday-Blitz-December-26-2023"]
[Site "Chess.com"]
[Date "2023.12.26"]
[Round "8"]
[White "RodokininEV"]
[Black "UnTucopalaTimba"]
[Result "1-0"]
[WhiteElo "2562"]
[BlackElo "2160"]
[TimeControl "180+1"]
[EndTime "9:27:21 PST"]
[Termination "RodokininEV won by resignation"]

1. c4 c6 2. Nf3 d5 3. e3 Nf6 4. b3 Bf5 5. Bb2 e6 6. Be2 Nbd7 7. Nh4 Bg6 8. Nxg6 hxg6 9. O-O Qc7 10. f4 O-O-O 11. Nc3 Nb6 12. Qc2 d4 13. Ne4 Nxe4 14. Qxe4 dxe3 15. dxe3 Nd7 16. a3 Nc5 17. Qc2 Qe7 18. Bf3 Qh4 19. g3 Qe7 20. Rad1 f6 21. b4 Rxd1 22. Rxd1 Nd7 23. Qxg6 Rh6 24. Qd3 f5 25. b5 c5 26. a4 e5 27. Bxe5 Nxe5 28. fxe5 Re6 29. Qxf5 Kc7 30. Rd5 g6 31. Qe4 Kc8 32.
a5 Bh6 33. Kg2 Bg5 34. Qg4 b6 35. a6 Bxe3 36. Rd6 1-0

[Event "Early-Titled-Tuesday-Blitz-December-26-2023"]
[Site "Chess.com"]
[Date "2023.12.26"]
[Round "8"]
[White "SARGISMV"]
[Black "Alex_Banzea"]
[Result "1-0"]
[WhiteElo "2549"]
[BlackElo "2640"]
[TimeControl "180+1"]
[EndTime "9:27:22 PST"]
[Termination "SARGISMV won by resignation"]

1. d4 Nf6 2. c4 g6 3. Nc3 Bg7 4.
e4 d6 5. Nf3 O-O 6. Be2 Qe8 7. O-O e5 8. Re1 exd4 9. Nxd4 Nxe4 10. Nd5 Qd8 11. Bf3 Nf6 12. Bg5 c6 13. Ne7+ Kh8 14.
Qd2 Na6 15. Qf4 Nc5 16. Bxf6 Nd3 17. Qh4 Qa5 18. Re3 Nxb2 19. Qh6 1-0

[Event "Early-Titled-Tuesday-Blitz-December-26-2023"]
[Site "Chess.com"]
[Date "2023.12.26"]
[Round "8"]
[White "anasta10"]
[Black "Agibileg"]
[Result "1-0"]
[WhiteElo "2587"]
[BlackElo "2684"]
[TimeControl "180+1"]
[EndTime "9:27:24 PST"]
[Termination "anasta10 won by resignation"]

1. Nf3 Nf6 2. d4 g6 3. c4 Bg7 4. Nc3 O-O 5. h4 d5 6. Bg5 c5 7. Bxf6 Bxf6 8. cxd5 cxd4 9. Nxd4 Qb6 10. Nb3 Rd8 11.
e4 Qb4 12. Qd3 Nc6 13. Qc4 Qxc4 14. Bxc4 Ne5 15. Be2 Bg4 16. f3 Bc8 17. Kf2 Nd7 18.
g3 h5 19. Rac1 a6 20. f4 e5 21. dxe6 fxe6 22. e5 Be7 23. Rhd1 Rf8 24. Bf3 Ra7 25. Kg2 b5 26. Na5 Rc7 27. Ne4 Nc5 28. b4 Nxe4 29.
Rxc7 Bxb4 30. Nc6 Nc3 31. Nxb4 1-0